 Dungeon Crawl Stone Soup version 0.31-a0-1074-g0b22e4e0f1 (webtiles) character file.

Game seed: 561652812590827710

340 BigPumpCobain the Shooter (level 6, -7/52 HPs)
             Began as a Minotaur Hunter on Dec 7, 2023.
             Mangled by Blork the orc
             ... wielding a +0 long sword
              (11 damage)
             ... on level 4 of the Dungeon.
             The game lasted 00:04:31 (2212 turns).

BigPumpCobain the Shooter (Minotaur Hunter)         Turns: 2212, Time: 00:04:31

Health: -7/52      AC:  3    Str: 15    XL:     6   Next: 30%
Magic:  0/5        EV: 13    Int:  6    God:
Gold:   105        SH:  0    Dex: 16    Spells: 5/5 levels left

rFire   . . .        a - +0 shortbow
rCold   . . .        (shield currently unavailable)
rNeg    + . .        c - +0 leather armour
rPois   .            (helmet restricted)
rElec   .            (no cloak)
rCorr   .            (no gloves)
SInv    .            (no boots)
Will    .....        d - amulet of guardian spirit
Stlth   ++           l - ring of positive energy
HPRegen 0.28/turn    (no ring)
MPRegen 0.09/turn

%: guardian spirit
@: no status effects
A: horns 2, retaliatory headbutt
a: no special abilities


You were on level 4 of the Dungeon.
You visited 1 branch of the dungeon, and saw 4 of its levels.

You collected 105 gold pieces.

Inventory:

Hand Weapons
 a - a +0 shortbow (weapon)
Armour
 c - a +0 leather armour (worn)
Jewellery
 d - an amulet of guardian spirit (around neck)
 i - an amulet of regeneration
 l - a ring of positive energy (left hand)
Scrolls
 b - a scroll of butterflies
 e - 3 scrolls of fog {unknown}
 g - a scroll of silence {unknown}
 h - a scroll of identify {unknown}
 n - a scroll of immolation {unknown}
 p - a scroll of revelation {unknown}
 r - a scroll of noise {unknown}
 s - a scroll of fear {unknown}
Potions
 f - a potion of heal wounds {unknown}
 j - a potion of curing {unknown}
 k - 2 potions of brilliance {unknown}
 m - a potion of lignification {unknown}
 o - a potion of haste {unknown}
 q - a potion of mutation {unknown}


   Skills:
 + Level 4.1 Fighting
 * Level 6.3 Ranged Weapons
 + Level 3.8 Dodging
 + Level 2.5 Stealth


You had 5 spell levels left.
You didn't know any spells.
Your spell library contained the following spells:

 Spells                   Type           Power      Damage    Failure   Level
 Sandblast                Erth           0%         2d4       52%         1
 Passwall                 Tmut/Erth      0%         N/A       67%         2
 Call Canine Familiar     Summ           0%         N/A       88%         3
 Sigil of Binding         Hex            0%         N/A       88%         3
 Stone Arrow              Conj/Erth      0%         3d7       88%         3
 Brom's Barrelling Bould  Conj/Erth      0%         2d3       99%         4
 Dimensional Bullseye     Hex/Tloc       0%         N/A       99%         4
 Leda's Liquefaction      Hex/Erth       0%         N/A       99%         4


Dungeon Overview and Level Annotations

Branches:
Dungeon (4/15)
 Temple: D:4-7

Altars:
Wu Jian
The Shining One

Shops:
D:1 :

Annotations:
D:4 Blork the orc


Innate Abilities, Weirdness & Mutations

You have a pair of horns on your head.
You reflexively headbutt those who attack you in melee.


Message History

You are too injured to fight recklessly!
You are too injured to fight recklessly!
You are too injured to fight recklessly!
You are too injured to fight recklessly!
You are too injured to fight recklessly!
You are too injured to fight recklessly!
You are too injured to fight recklessly!
You are too injured to fight recklessly!
You are too injured to fight recklessly!
You are too injured to fight recklessly!
You are too injured to fight recklessly!
You are too injured to fight recklessly!
You are too injured to fight recklessly!
You are too injured to fight recklessly!
You are too injured to fight recklessly!
You are too injured to fight recklessly!
You are too injured to fight recklessly!
You are too injured to fight recklessly!
You are too injured to fight recklessly!
You are too injured to fight recklessly!
You are too injured to fight recklessly!
You are too injured to fight recklessly!
You are too injured to fight recklessly!
You are too injured to fight recklessly!
You are too injured to fight recklessly!
You are too injured to fight recklessly!
You are too injured to fight recklessly!
You are too injured to fight recklessly!
You are too injured to fight recklessly!
You are too injured to fight recklessly!
You are too injured to fight recklessly!
Blork the orc begins to cast a cantrip, but forgets the words!
Blork the orc attacks as he pursues you!
Blork the orc hits you with a +0 long sword!
* * * LOW HITPOINT WARNING * * *
The hound closely misses you.
Blork the orc screams, "I'll crush all your ribs!
One by one!"
Blork the orc attacks as he pursues you!
Blork the orc hits you with a +0 long sword!
You die...

. .. .).
=.≈. ..≈..
..≈...######
#.)rho@#
#.)....#
.≈........#
..≈.#......#
...........#
...##......#
.. #......#
.......#


You could see Blork the orc (fast), a hound and a quokka.

Vanquished Creatures
  Grinder (D:3)
  An orc priest (D:4)
  Jessica (D:2)
  3 adders (D:2)
  4 worms
  3 dart slugs
  4 orcs (D:4)
  2 ball pythons (D:1)
  5 endoplasms
  6 goblins
  5 hobgoblins
  7 jackals
  3 kobolds
  5 quokkas
  7 bats
  A frilled lizard (D:2)
  5 rats
63 creatures vanquished.

Notes
Turn   | Place    | Note
-------+----------+-------------------------------------------
     0 | D:1      | BigPumpCobain the Minotaur Hunter began the quest for the
                  | Orb.
     0 | D:1      | Reached XP level 1. HP: 18/18 MP: 0/0
   146 | D:1      | Found a faded altar of an unknown god.
   221 | D:1      | Found Jubbur Pywk's Book Shop.
   338 | D:1      | Reached skill level 1 in Stealth
   517 | D:1      | You fall into a shaft and drop 1 floor!
   529 | D:2      | Reached XP level 2. HP: 25/25 MP: 1/1
   691 | D:2      | Noticed Jessica
   701 | D:2      | Killed Jessica
   702 | D:2      | Reached skill level 5 in Ranged Weapons
   702 | D:2      | Reached XP level 3. HP: 11/31 MP: 2/2
   849 | D:2      | Reached XP level 4. HP: 21/38 MP: 0/3
  1537 | D:3      | Found an ornate altar of the Wu Jian Council.
  1537 | D:3      | Found a glowing golden altar of the Shining One.
  1592 | D:3      | Noticed Grinder
  1600 | D:3      | Paralysed by Grinder for 5 turns
  1608 | D:3      | Paralysed by Grinder for 4 turns
  1613 | D:3      | Killed Grinder
  1614 | D:3      | Reached skill level 6 in Ranged Weapons
  1614 | D:3      | Reached XP level 5. HP: 23/46 MP: 4/4
  1614 | D:3      | Reached XP level 6. HP: 26/52 MP: 5/5
  2201 | D:4      | Noticed Blork the orc
  2212 | D:4      | Mangled by Blork the orc

Illustrated notes

Levels and vault maps discovered:
D:1:      matt_arrival_grand_opening, layout_basic,
          ebering_ecumenical_altar_hall, serial_shops,
          nicolae_book_shop_shelving, chequers_serial_rivers_large_a,
          chequers_decorated_corner, grunt_decor_mini_mirrors
D:2:      layout_rooms, uniq_jessica
D:3:      layout_basic, grunt_temple_overflow_open, uniq_grinder
D:4:      layout_rooms, serial_shops, nicolae_shop_overgrown_old_shop,
          chequers_serial_rivers_micro_e, kennysheep_nondescript, corexii_shack,
          uniq_blork_the_orc

Skill      XL: |  1  2  3  4 |
---------------+-------------+-----
Stealth        | 1 2 |  2.5
Fighting       | 3 4 |  4.1
Ranged Weapons | 5 6 |  6.3
Dodging        | 3 |  3.8

Action                     |  1- 3 |  4- 6 || total
---------------------------+-------+-------++-------
   Fire: Shortbow          |    73 |   141 ||   214
 Armour: Leather armour    |    26 |    27 ||    53
  Dodge: Dodged            |    25 |    25 ||    50

Table legend: (Time is in decaauts)
 A = Elapsed time spent in this place.
 B = Non-inter-level travel time spent in this place.
 C = Inter-level travel time spent in this place.
 D = Time resting spent in this place.
 E = Time spent auto-exploring this place.
 F = Levels seen in this place.
 G = Mean time per level.
                   A        B        C        D        E       F      G
               +--------+--------+--------+--------+--------+-----+--------+
         Total |   2258 |   2188 |     70 |      0 |   1820 |   4 |  564.5 |
       Dungeon |   2258 |   2188 |     70 |      0 |   1820 |   4 |  564.5 |
               +--------+--------+--------+--------+--------+-----+--------+

Top non-repeatable levels by time:
     D:3: 906 daAuts
     D:2: 792 daAuts
     D:1: 524 daAuts
     D:4: 34 daAuts
